 Dungeon Crawl Stone Soup version 0.32-a0-921-g04a7ad8e02 (webtiles) character file.

Game seed: 11849100165796495410

16 mopl the Caller (level 2, -2/19 HPs)
             Began as a Barachi Summoner on Apr 11, 2024.
             Slain by a gnoll
             ... wielding a +0 spear
              (6 damage)
             ... on level 1 of the Dungeon.
             The game lasted 00:00:52 (374 turns).

mopl the Caller (Barachi Summoner)                   Turns: 374, Time: 00:00:54

Health: -2/19      AC:  2    Str:  9    XL:     2   Next: 54%
Magic:  5/5        EV: 11    Int: 15    God:
Gold:   31         SH:  0    Dex: 12    Spells: 3/6 levels left

rFire   . . .        d - +1 shortbow (heavy)
rCold   . . .        (shield currently unavailable)
rNeg    . . .        a - +0 robe
rPois   .            (no helmet)
rElec   .            (no cloak)
rCorr   .            (no gloves)
SInv    .            (no boots)
Will    .....        (no amulet)
Stlth   ++           (no ring)
HPRegen 0.23/turn    (no ring)
MPRegen 0.09/turn

%: no passive effects
@: unable to hop, slow
A: amphibious, slowness 1, strong legs 1, +LOS
a: Hop


You were on level 1 of the Dungeon.
You visited 1 branch of the dungeon, and saw 1 of its levels.

You collected 31 gold pieces.

Inventory:

Hand Weapons
 d - a +1 heavy shortbow (weapon)
Armour
 a - a +0 robe (worn)
Magical Staves
 f - a staff of earth
Scrolls
 e - a scroll of identify {unknown}
 g - a scroll of amnesia {unknown}
Potions
 b - a potion of magic
 c - a potion of cancellation {unknown}
 h - a potion of heal wounds {unknown}


   Skills:
 - Level 2.1 Dodging
 - Level 1.7 Stealth
 + Level 2.7 Spellcasting
 + Level 5.2 Summonings


You had 3 spell levels left.
You knew the following spells:

 Your Spells              Type           Power      Damage    Failure   Level
a - Call Imp              Summ           34%        N/A       3%          2
b - Summon Small Mammal   Summ           68%        N/A       2%          1

Your spell library contained the following spells:

 Spells                   Type           Power      Damage    Failure   Level
 Call Canine Familiar     Summ           17%        N/A       7%          3
 Summon Blazeheart Golem  Fire/Summ      9%         N/A       56%         4
 Summon Lightning Spire   Summ/Air       9%         N/A       56%         4


Dungeon Overview and Level Annotations

Branches:
Dungeon (1/15)

Altars:


Innate Abilities, Weirdness & Mutations

You are amphibious.
You cover ground slowly.
You can hop short distances.
You have an extended range of vision and can be seen from far away.


Message History

A rat comes into view.
An endoplasm comes into view.
A hobgoblin opens the door.
You shoot an arrow. The arrow barely misses the hobgoblin.
The endoplasm quivers.
Unknown command.
You see here a +0 sling.
The goblin attacks as it pursues you! The goblin barely misses you.
The hobgoblin attacks as it pursues you!
The hobgoblin hits you. The goblin attacks as it pursues you!
The goblin hits you with a +0 club.
You see here a ball python corpse.
The hobgoblin attacks as it pursues you!
The hobgoblin closely misses you. The hobgoblin completely misses you.
The hobgoblin attacks as it pursues you!
The hobgoblin closely misses you.
The hobgoblin attacks as it pursues you!
The hobgoblin hits you.
Hop to where?
Press: ? - help, Dir - move target, p - hobgoblin Boing!
You shoot an arrow. The arrow closely misses the hobgoblin.
You shoot an arrow. The arrow hits the hobgoblin.
You kill the hobgoblin!
You shoot an arrow. The arrow hits the goblin!
You kill the goblin!
You shoot an arrow. The arrow misses the goblin.
The arrow hits the gnoll.
The gnoll is lightly wounded.
The goblin barely misses you. The gnoll barely misses you.
You shoot an arrow. The arrow hits the goblin!
You kill the goblin!
The gnoll hits you from afar with a +0 spear!
The gnoll misses you.
You shoot an arrow.
The arrow hits the gnoll but does no damage.
The gnoll is lightly wounded.
The gnoll hits you from afar with a +0 spear!
* * * LOW HITPOINT WARNING * * *
The gnoll hits you from afar with a +0 spear.
You die...

..........~)~.#.##J....#####
..........~_~....g.....#
..........~~~.Sg......^#
..>..........†.gr.........
....#.....#gg......########
...##.....#.#......#
......#####.#####+## ...####
#r#####.# #### #gSJg)@.# #
######### # ###.## #### #
#....# ##... # ##.#.# ####
#...# # #...# ##..####..## #
#### ##)## #....##..## #
#..#### ###.####.#..#..# #
#...[.### ##..###...##..###


You could see a gnoll, an endoplasm, a hobgoblin, a ball python and a rat.

Vanquished Creatures
  2 bats (D:1)
  2 endoplasms (D:1)
  3 goblins (D:1)
  A hobgoblin (D:1)
  2 kobolds (D:1)
  A quokka (D:1)
  3 ball pythons (D:1)
  A frilled lizard (D:1)
15 creatures vanquished.

Notes
Turn   | Place    | Note
-------+----------+-------------------------------------------
     0 | D:1      | mopl the Barachi Summoner began the quest for the Orb.
     0 | D:1      | Reached XP level 1. HP: 13/13 MP: 3/3
   208 | D:1      | Reached skill level 5 in Summonings
   269 | D:1      | Reached XP level 2. HP: 19/19 MP: 3/5
   272 | D:1      | Learned a level 2 spell: Call Imp
   274 | D:1      | Found a faded altar of an unknown god.
   374 | D:1      | Slain by a gnoll

Illustrated notes

Levels and vault maps discovered:
D:1:      dpeg_cavernosity, layout_basic,
          hellmonk_ecumenical_altar_pennies_from_heaven, serial_bayou_pond_d

Skill      XL: |  1 |
---------------+----+-----
Summonings     | 5 |  5.2
Dodging        | |  2.1
Stealth        | |  1.7
Spellcasting   | |  2.7

Action                     || total
---------------------------++-------
   Fire: Shortbow          ||    32
Ability: Hop               ||     1
 Armour: Robe              ||    17
  Dodge: Dodged            ||    18

Table legend: (Time is in decaauts)
 A = Elapsed time spent in this place.
 B = Non-inter-level travel time spent in this place.
 C = Inter-level travel time spent in this place.
 D = Time resting spent in this place.
 E = Time spent auto-exploring this place.
 F = Levels seen in this place.
 G = Mean time per level.
                   A        B        C        D        E       F      G
               +--------+--------+--------+--------+--------+-----+--------+
         Total |    472 |    434 |     38 |      0 |    324 |   1 |  472.0 |
       Dungeon |    472 |    434 |     38 |      0 |    324 |   1 |  472.0 |
               +--------+--------+--------+--------+--------+-----+--------+

Top non-repeatable levels by time:
     D:1: 472 daAuts
